 Dungeon Crawl Stone Soup version 0.18.1-6-gd335043 (webtiles) character file.

2891 Scarto the Skirmisher (level 9, -10/72 HPs)
             Began as a Demonspawn Fighter on May 20, 2016.
             Was a Priest of Makhleb.
             Splashed by Erica's acid (13 damage)
             ... on level 8 of the Dungeon.
             The game lasted 00:11:25 (5457 turns).

Scarto the Skirmisher (Demonspawn Fighter)          Turns: 5457, Time: 00:11:26

Health: -10/72     AC:  4    Str: 24    XL:     9   Next: 48%
Magic:  9/9        EV:  6    Int: 11    God:    Makhleb [***...]
Gold:   349        SH: 11    Dex: 14    Spells: 0 memorised, 8 levels left

rFire  . . .     SeeInvis .     n - +3 mace (drain)
rCold  . . .     Gourm    .     s - +0 chain mail
rNeg   . . .     Faith    .     c - +0 shield
rPois  +         Spirit   .     (helmet restricted)
rElec  .         Dismiss  .     m - +1 cloak {rPois}
rCorr  .         Reflect  .     (no gloves)
SustAt .         Harm     .     (no boots)
MR     .....     Rnd*Rage +     (no amulet)
Stlth  ..........               (no ring)
                                (no ring)

@: mighty, corroded, slowed, very slow, not resistant to hostile enchantments,
extremely unstealthy
A: horns 1, talons 1, agile 1, berserk 1, spiny 2
a: Minor Destruction, Lesser Servant of Makhleb, Renounce Religion


You were on level 8 of the Dungeon.
You worshipped Makhleb.
Makhleb was most pleased with you.
You were not hungry.

You visited 1 branch of the dungeon, and saw 8 of its levels.

You collected 349 gold pieces.

Inventory:

Hand Weapons
 n - a +3 mace of draining (weapon)
Armour
 b - a +0 scale mail
 c - a +0 shield (worn)
 m - a +1 cloak of poison resistance (worn)
 s - a +0 chain mail (worn)
Wands
 j - a wand of lightning (9/15)
Scrolls
 e - 2 scrolls of teleportation
 f - 3 scrolls of remove curse
Potions
 d - 2 potions of might
 g - 2 potions of cure mutation
 k - 3 potions of curing
 l - a potion of brilliance {unknown}
 o - 2 potions of agility
 r - a potion of magic {unknown}
 t - a potion of haste {unknown}
 v - a potion of cancellation {unknown}
Comestibles
 a - 3 bread rations
 h - 2 meat rations
 i - 11 fruits
 u - a beef jerky


   Skills:
 + Level 7.2 Fighting
   Level 2.8(4.5) Axes
 + Level 5.5(5.8) Maces & Flails
 + Level 6.5 Armour
 + Level 6.7 Shields


You had 8 spell levels left.
You didn't know any spells.

Dungeon Overview and Level Annotations

Branches:
Dungeon (8/15)             Temple (0/1) D:4
   Lair: D:8-11

Altars:
Fedhas
Gozag
Makhleb
Nemelex Xobeh
Okawaru
Pakellas
Ru
Sif Muna
Xom
Yredelemnul
Zin

Annotations:
D:8 Erica


Innate Abilities, Weirdness & Mutations

You have sharp toenails.
You are mostly covered in sharp spines.
You have a pair of small horns on your head.
You are agile. (Dex +2)
You tend to lose your temper in combat.


Message History

A bolt of acid appears from out of thin air!
The bolt of acid hits you! The acid corrodes you!
The acid burns!
* * * LOW HITPOINT WARNING * * *
You see here a wasp corpse.
Drink which item? (? for menu, Esc to quit)
You feel much better. Something hits you but does no damage.
Something hits you! Something burns you. Something hits you.
Something burns you.
An orc priest comes into view. It is wielding a hand axe.
An orc warrior comes into view. It is wielding a trident.
The orc warrior shouts!
The orc priest shouts!
The orc priest mumbles some strange prayers to Beogh against you.
Beogh smites you!
* * * LOW HITPOINT WARNING * * *
You hear a zap.
A bolt of acid appears from out of thin air!
The bolt of acid hits you!
* * * LOW HITPOINT WARNING * * *
The acid corrodes you!
The acid burns!
You die...

# .. #. #.#+♣
#.##.#.♣ #...<#.♣♣
#..>....♣♣♣♣♣♣♣♣♣♣.
#####.#.......oo....
....#...............
........†............
#.........@..<.......
#....###.............
##### #.............
...............
###..........<..
#.............
#.............
#.............


You could see an orc warrior and an orc priest.

Vanquished Creatures
  Pikel (D:5)
  The ghost of M4edhros the Cleaver, a novice MiBe of Trog (D:6)
  A water moccasin (D:7)
  An orc warrior (D:7)
  A sky beast (D:5)
  2 ice beasts
  A black bear (D:6)
  A wasp (D:8)
  A centaur (D:6)
  An ogre (D:5)
  5 giant frogs
  A scorpion (D:4)
  A crimson imp (D:3)
  A quasit (D:6)
  A hound (D:7)
  A jelly (D:7)
  Crazy Yiuf (D:2)
  A centaur skeleton (D:7)
  A giant frog skeleton (D:5)
  A gnoll shaman (D:6)
  An orc priest (D:7)
  An iguana (D:6)
  7 worker ants
  Ijyb (D:2)
  3 orc wizards
  A killer bee zombie (D:4)
  A hound skeleton (D:7)
  Robin (D:2)
  7 gnolls
  A howler monkey skeleton (D:4)
  13 adders
  3 shadow imps
  An ooze (D:1)
  An adder zombie (D:6)
  2 adder skeletons
  2 worms
  2 dart slugs
  3 giant geckos
  6 orcs
  7 bats
  7 giant cockroaches
  2 gnoll zombies (D:7)
  13 goblins
  12 hobgoblins
  7 jackals
  3 quokkas
  3 ball pythons
  A ball python skeleton (D:5)
  A giant gecko skeleton (D:7)
  5 giant newts
  8 kobolds
  A quokka skeleton (D:6)
  A quokka zombie (D:7)
  10 rats
163 creatures vanquished.

Notes
Turn   | Place    | Note
--------------------------------------------------------------
     0 | D:1      | Scarto the Demonspawn Fighter began the quest for the Orb.
     0 | D:1      | Reached XP level 1. HP: 18/18 MP: 1/1
   132 | D:1      | Gained mutation: You are partially covered in sharp spines. [demonic ancestry]
   132 | D:1      | Reached XP level 2. HP: 17/24 MP: 2/2
   400 | D:1      | Reached XP level 3. HP: 29/29 MP: 3/3
  1032 | D:2      | Reached XP level 4. HP: 19/36 MP: 4/4
  1280 | D:2      | Noticed Crazy Yiuf
  1288 | D:2      | Killed Crazy Yiuf
  1530 | D:2      | Noticed Robin
  1541 | D:2      | Killed Robin
  1728 | D:2      | Gained mutation: You are mostly covered in sharp spines. [demonic ancestry]
  1728 | D:2      | Reached XP level 5. HP: 42/42 MP: 5/5
  2001 | D:2      | Noticed Ijyb
  2007 | D:2      | Killed Ijyb
  2019 | D:2      | Reached skill level 4 in Fighting
  2074 | D:3      | Found a shimmering altar of Xom.
  2074 | D:3      | Found a burning altar of Makhleb.
  2082 | D:3      | Reached skill level 1 in Maces & Flails
  2091 | D:3      | Became a worshipper of Makhleb the Destroyer
  2145 | D:3      | Found a faded altar to an unknown god.
  2263 | D:3      | Gained mutation: You have sharp toenails. [demonic ancestry]
  2263 | D:3      | Reached XP level 6. HP: 48/48 MP: 6/6
  2270 | D:3      | Reached * piety under Makhleb
  2361 | D:3      | Found an opulent altar of Gozag.
  2376 | D:3      | Found a glowing silver altar of Zin.
  2572 | D:4      | Found an oddly glowing altar of Pakellas.
  2881 | D:4      | Found an iron altar of Okawaru.
  2917 | D:4      | Found a staircase to the Ecumenical Temple.
  3242 | D:4      | Found an iron altar of Okawaru.
  3242 | D:4      | Found a deep blue altar of Sif Muna.
  3243 | D:4      | Found a blossoming altar of Fedhas.
  3301 | D:4      | Reached XP level 7. HP: 55/55 MP: 7/7
  3416 | D:5      | Entered Level 5 of the Dungeon
  3520 | D:5      | Reached ** piety under Makhleb
  3531 | D:5      | Reached skill level 5 in Fighting
  3535 | D:5      | Gained mutation: You tend to lose your temper in combat. [mutagenic meat]
  3536 | D:5      | Gained mutation: You are agile. (Dex +2) [mutagenic meat]
  3538 | D:5      | Gained mutation: You have a pair of small horns on your head. [mutagenic meat]
  3539 | D:5      | Gained mutation: You expend magic power (3 MP) to strengthen your wands. [mutagenic meat]
  3540 | D:5      | Lost mutation: You expend magic power (3 MP) to strengthen your wands. [mutagenic meat]
  3621 | D:5      | Found a sparkling altar of Nemelex Xobeh.
  3748 | D:5      | Noticed Pikel
  3765 | D:5      | Killed Pikel
  3765 | D:5      | Reached skill level 5 in Armour
  3765 | D:5      | Reached skill level 5 in Shields
  3765 | D:5      | Reached XP level 8. HP: 53/64 MP: 8/8
  3896 | D:6      | Found a sparkling altar of Nemelex Xobeh.
  3921 | D:6      | Reached skill level 6 in Fighting
  3939 | D:6      | Noticed M4edhros's ghost (novice MiBe)
  4120 | D:6      | Killed M4edhros's ghost
  4120 | D:6      | Reached XP level 9. HP: 35/71 MP: 9/9
  4570 | D:6      | Found a sacrificial altar of Ru.
  4622 | D:7      | Reached *** piety under Makhleb
  4638 | D:7      | Found a burning altar of Makhleb.
  4884 | D:7      | Reached skill level 5 in Maces & Flails
  4904 | D:7      | Reached skill level 7 in Fighting
  5259 | D:7      | Found a basalt altar of Yredelemnul.
  5444 | D:8      | Noticed Erica
  5457 | D:8      | HP: 3/72 [something/wand of acid (12)]
  5457 | D:8      | Splashed by Erica's acid

Skill      XL: |  1  2  3  4  5  6  7  8  9 |
---------------+----------------------------+-----
Axes           | 2 |  2.8
Shields        | 3 4 5 6 |  6.7
Armour         | 3 4 5 6 |  6.5
Fighting       | 4 5 6 7 |  7.2
Maces & Flails | 1 2 3 4 5 |  5.5

Action                   |  1- 3 |  4- 6 |  7- 9 || total
-------------------------+-------+-------+-------++-------
Melee: War axe           |    99 |     7 |       ||   106
       Mace              |       |   106 |   135 ||   241
       Kick              |       |    10 |    38 ||    48
       Headbutt          |       |       |    26 ||    26
Invok: Minor Destruction |       |       |     1 ||     1
  Use: Scroll            |       |    10 |     5 ||    15
       Potion            |       |     2 |     2 ||     4
  Eat: Bread ration      |       |     2 |       ||     2
       Chunk             |       |       |     6 ||     6
       Beef jerky        |       |       |     3 ||     3
       Royal jelly       |       |       |     1 ||     1
Armor: Scale mail        |    60 |    19 |       ||    79
       Chain mail        |       |    20 |    66 ||    86
Dodge: Dodged            |    30 |    24 |    24 ||    78
Block: Shield            |    56 |    65 |    69 ||   190
